 Dungeon Crawl Stone Soup version 0.28.0-45-g0d030f2227 (webtiles) character file.

Game seed: 1952851355858282482

94 joshe the Conjurer (level 4, -3/49 HPs)
             Began as a Demigod Conjurer on Apr 15, 2022.
             Slain by Ijyb
             ... wielding a +5 dagger of speed
              (5 damage)
             ... on level 3 of the Dungeon.
             The game lasted 00:08:46 (2996 turns).

joshe the Conjurer (Demigod Conjurer)               Turns: 2996, Time: 00:08:46

Health: -3/49      AC: 22    Str:  8    XL:     4   Next: 16%
Magic:  0/10       EV:  2    Int: 24    God:
Gold:   86         SH:  0    Dex: 12    Spells: 0/7 levels left

rFire   + . .      SeeInvis .   h - +0 falchion
rCold   . . .      Faith    .   (no shield)
rNeg    . . .      Spirit   .   (armour currently unavailable)
rPois   +          Reflect  .   (helmet currently unavailable)
rElec   .          Harm     .   (cloak currently unavailable)
rCorr   .          Rampage  .   (gloves currently unavailable)
Will    .....      NoTele   +   (boots currently unavailable)
Stlth   ++........              (no amulet)
HPRegen 0.16/turn               g - ring of protection from fire
MPRegen 0.12/turn               (no ring)

@: tree-form (expiring)
A: stationary, stasis, torment immunity, boosted hp, high MP 1, forlorn, divine
attributes
a: no special abilities


You were on level 3 of the Dungeon.
You were a tree.
You visited 1 branch of the dungeon, and saw 3 of its levels.

You collected 86 gold pieces.

Inventory:

Hand Weapons
 h - a +0 falchion (weapon)
Missiles
 d - a throwing net
Armour
 a - a +0 robe (melded)
Jewellery
 g - a ring of protection from fire (left branch)
Scrolls
 b - 2 scrolls of fear {unknown}
 f - a scroll of blinking {unknown}
 i - a scroll of noise {unknown}
 k - a scroll of enchant armour {unknown}
Potions
 c - a potion of lignification {unknown}
 e - a potion of magic
 j - a potion of invisibility {unknown}


   Skills:
 - Level 2.0 Dodging
 - Level 2.0 Stealth
 - Level 2.2 Spellcasting
 - Level 5.0 Conjurations
 + Level 0.0 Hexes


You couldn't memorise any spells.
You knew the following spells:

 Your Spells              Type           Power      Damage    Failure   Level
a - Magic Dart            Conj           100%       1d8       1%          1
b - Searing Ray           Conj           52%        2d6       2%          2
c - Fulminant Prism       Conj/Hex       7%         3d7       38%         4

Your spell library contained the following spells:

 Spells                   Type           Power      Damage    Failure   Level
 Dazzling Flash           Conj/Hex       28%        N/A       13%         3
 Iskenderun's Mystic Bla  Conj/Tloc      14%        2d5       38%         4
 Agony                    Necr           2%         N/A       97%         5
 Silence                  Hex/Air        1%         N/A       97%         5


Dungeon Overview and Level Annotations

Branches:
Dungeon (3/15)

Annotations:
D:2 1 runed translucent door, Crazy Yiuf
D:3 Ijyb


Innate Abilities, Weirdness & Mutations

You are a tree.
Your roots penetrate the ground, keeping you stationary.
You cannot be teleported.
You are immune to unholy pain and torment.
Your maximum health is greatly increased.
Your equipment is partially melded.
You have an increased reservoir of magic. (+10% MP)
You shall have no god before yourself.
Your divine heritage dramatically boosts your attributes as you level up.


Message History

You hit Ijyb but do no damage.
Ijyb is almost dead.
Ijyb barely misses you.
Ijyb hits you with a +5 dagger of speed.
You hit Ijyb.
Ijyb is almost dead.
Ijyb completely misses you.
Ijyb hits you with a +5 dagger of speed!
* * * LOW HITPOINT WARNING * * *
You hit Ijyb.
Ijyb is almost dead.
Ijyb hits you but does no damage.
Ijyb hits you with a +5 dagger of speed.
* * * LOW HITPOINT WARNING * * *
You hit Ijyb but do no damage.
Ijyb is almost dead.
Your transformation is almost over.
Ijyb hits you but does no damage.
You hit Ijyb but do no damage.
Ijyb is almost dead.
Ijyb hits you with a +5 dagger of speed.
* * * LOW HITPOINT WARNING * * *
Ijyb hits you with a +5 dagger of speed.
* * * LOW HITPOINT WARNING * * *
Ijyb hits you but does no damage.
Casting: Searing Ray (safe; 2% risk of failure)
Confirm with . or Enter, or press ? or * to list all spells.
Aiming: Searing Ray (safe; 2% risk of failure)
Press: ? - help, Shift-Dir - straight line, f/p - Ijyb
Aim: Ijyb, wielding a +5 dagger of speed, wearing a +0 ring mail and carrying a wand of polymorph (11) (almost dead, 77% to hit)
The searing ray hits Ijyb.
Ijyb is almost dead. (Press . to maintain the ray.) Ijyb barely misses you.
You barely miss Ijyb.
Ijyb is almost dead.
Ijyb hits you but does no damage. Ijyb screams, "Me stronger than you!"
Ijyb hits you with a +5 dagger of speed.
You die...

#########
#.g♣....#
#.#####.# #.
#.# #g
###.#######.
#.
#...........
#.
#.#.#######.
#.###.#.###
#.........#
####.......#.#


You could see Ijyb.

Vanquished Creatures
  Terence (D:3)
  2 adders
  2 orcs
  5 bats
  6 endoplasms
  2 giant cockroaches
  5 goblins
  5 hobgoblins
  2 quokkas
  7 ball pythons
  2 frilled lizards
  3 kobolds
  5 rats
47 creatures vanquished.

Vanquished Creatures (others)
  A fulminant prism (D:3)
1 creature vanquished.

Grand Total: 48 creatures vanquished

Notes
Turn   | Place    | Note
-------+----------+-------------------------------------------
     0 | D:1      | joshe the Demigod Conjurer began the quest for the Orb.
     0 | D:1      | Reached XP level 1. HP: 14/14 MP: 5/5
   253 | D:1      | Reached XP level 2. HP: 20/20 MP: 1/7
   539 | D:1      | Reached skill level 4 in Conjurations
   986 | D:1      | Learned a level 2 spell: Searing Ray
  1252 | D:2      | Reached XP level 3. HP: 26/26 MP: 6/8
  1680 | D:2      | Found a runed translucent door.
  1681 | D:2      | Noticed Crazy Yiuf
  2735 | D:3      | Noticed Terence
  2739 | D:3      | Killed Terence
  2740 | D:3      | Reached skill level 5 in Conjurations
  2740 | D:3      | Reached XP level 4. HP: 33/33 MP: 0/10
  2745 | D:3      | Learned a level 4 spell: Fulminant Prism
  2967 | D:3      | Noticed Ijyb
  2994 | D:3      | HP: 2/49 [Ijyb/+5 dagger of speed (2)]
  2996 | D:3      | Slain by Ijyb

Illustrated notes

Levels and vault maps discovered:
D:1:      minmay_arrival_semitransparent, layout_basic
D:2:      layout_basic, hellmonk_ecumenical_altar_run_dry,
          uniq_crazy_yiuf_cottage
D:3:      layout_loops_corners, uniq_grinder, uniq_terence, uniq_pargi,
          uniq_ijyb

Skill      XL: |  1  2  3 |
---------------+----------+-----
Stealth        | 2 |  2.0
Dodging        | 2 |  2.0
Spellcasting   | 2 |  2.2
Conjurations   | 4 5 |  5.0

Action                   |  1- 3 |  4- 6 || total
-------------------------+-------+-------++-------
Melee: Falchion          |       |    13 ||    13
 Cast: Magic Dart        |    76 |     1 ||    77
       Searing Ray       |     6 |     3 ||     9
       Fulminant Prism   |       |     1 ||     1
  Use: Scroll            |     2 |       ||     2
Armor: Robe              |     3 |       ||     3
       Skin              |       |     8 ||     8
Dodge: Dodged            |     9 |     8 ||    17
